[Event "Hungarian Super League 2024-25"]
[Site "Hungary"]
[Date "2024.11.02"]
[Round "1.1"]
[White "Bacrot, Etienne"]
[Black "Parligras, Mircea-Emilian"]
[Result "1/2-1/2"]
[ECO "C67"]
[WhiteElo "2653"]
[BlackElo "2550"]
[Annotator "TA"]
[PlyCount "62"]
[EventDate "2024.10.30"]
[EventType "team-tourn"]
[EventCountry "HUN"]
[SourceTitle "playchess.com"]
[Source "ChessBase"]
[SourceQuality "1"]
[TimeControl "40/5400+30:1800+30"]

1. e4 e5 2. Nf3 Nc6 3. Bb5 Nf6 4. O-O Nxe4 5. d4 Nd6 6. Bxc6 dxc6 7. dxe5 Nf5 8. Qxd8+ Kxd8 9. Nc3 Ke8 10. h3 h5 11. Bf4 Be7 12. Rad1 Nh4 {[%emt 0:00:54] Hoping for ...Nxf3+.} 13. Nxh4 Bxh4 14. Ne2 Be7 15. Nd4 g5 16. Bh2 Rh6 17. Rfe1 Bd8 18. f4 gxf4 19. Bxf4 Rg6 20. Kf2 c5 21. Nb5 Rb6 22. a4 Bd7 23. b3 Bxb5 (23... c4 $5) 24. axb5 a6 25. bxa6 Raxa6 {[%emt 0:00:32] The position is equal.} 26. Rd5 c4 27. bxc4 Ra4 28. Re4 Rc6 29. Rdd4 Ra2 30. Rd2 Ra4 31. Rdd4 Ra2 {An uneventful encounter.   Weighted Error Value: White=0.08 (flawless) /Black=0.06 (flawless) .  Inaccurate:     	---       	Black=1      OK:         	White=5     	Black=12} 1/2-1/2

[Event "Hungarian Super League 2024-25"]
[Site "Hungary"]
[Date "2024.11.02"]
[Round "1.3"]
[White "Amin, Bassem"]
[Black "Papp, Gabor"]
[Result "1-0"]
[ECO "A08"]
[WhiteElo "2647"]
[BlackElo "2511"]
[Annotator "TA"]
[PlyCount "101"]
[EventDate "2024.10.30"]
[EventType "team-tourn"]
[EventCountry "HUN"]
[SourceTitle "playchess.com"]
[Source "ChessBase"]
[SourceQuality "1"]
[TimeControl "40/5400+30:1800+30"]

1. Nf3 d5 2. g3 c5 3. Bg2 Nc6 4. d4 Nf6 5. O-O cxd4 6. Nxd4 e5 7. Nxc6 bxc6 8. c4 Be6 9. Nc3 {[%emt 0:00:40] D02: 1 d4 d5 2 Nf3 sidelines, including 2...Nf6 3 g3 and 2...Nf6 3 Bf4.} Qd7 10. Qa4 Rc8 11. cxd5 cxd5 12. Qxd7+ Kxd7 13. Rd1 Bc5 14. Na4 h5 $146 ({Predecessor:} 14... Rhd8 15. Bd2 Bb6 16. Nxb6+ axb6 17. Bc3 d4 18. e3 Nd5 19. exd4 Nxc3 20. bxc3 Rxc3 21. dxe5+ {1-0 Artemiev,V (2711)-Aronian,L (2725) Chessable Masters Div 2 Win rapid 2024 (3.1)}) 15. Bg5 Ng4 16. Nxc5+ (16. Bxd5 Bxf2+ 17. Kg2 Bd4 18. Bxe6+ Kxe6 $17) 16... Rxc5 17. b4 Rc2 18. Bxd5 Bxd5 19. Rxd5+ Ke6 20. Rd2 Rhc8 21. h3 Rxd2 22. Bxd2 Rc2 23. Be1 Nf6 24. Kf1 Nd5 25. b5 h4 (25... Kd6 $14) 26. gxh4 $16 Nf4 27. e3 Nd3 28. a4 $1 e4 29. a5 g6 30. b6 axb6 31. a6 (31. axb6 $6 Rb2 $11) 31... Rc8 32. Bc3 Ra8 {[%emt 0:01:56] [#]} (32... Rxc3 $2 {is the wrong capture.} 33. a7 Rc8 34. a8=Q (34. a8=R Rc2 $18) 34... Rxa8 35. Rxa8 $18) (32... Kd5 $16 {was worth a try.}) 33. Bd4 $1 $18 Nb4 {[%emt 0:02:21] [#]} 34. Ra4 $1 ({And not} 34. Bxb6 Rxa6 35. Rxa6 Nxa6 $11) 34... Nd5 35. a7 Kd6 (35... Kd7 {keeps fighting.} 36. f3 f5 37. fxe4 fxe4) 36. Kg2 $18 Kc6 37. Kg3 Kb7 38. h5 gxh5 39. Kh4 Nc7 40. Kxh5 Ne6 41. Be5 Nc5 42. Ra2 b5 $2 (42... Na6 {is a better defense.} 43. Kg5 Kxa7) 43. h4 $18 b4 44. Bd4 Nd3 (44... Ne6 $142 45. Rb2 Nxd4) 45. Kg5 $18 Kc6 46. h5 Kd5 47. h6 b3 48. Ra5+ Kc4 49. h7 b2 50. Bxb2 Nxb2 51. Kf6 1-0

[Event "Hungarian Super League 2024-25"]
[Site "Hungary"]
[Date "2024.11.02"]
[Round "1.4"]
[White "Berkes, Ferenc"]
[Black "Banusz, Tamas"]
[Result "1/2-1/2"]
[ECO "D31"]
[WhiteElo "2600"]
[BlackElo "2576"]
[Annotator "TA"]
[PlyCount "51"]
[EventDate "2024.10.30"]
[EventType "team-tourn"]
[EventCountry "HUN"]
[SourceTitle "playchess.com"]
[Source "ChessBase"]
[SourceQuality "1"]
[TimeControl "40/5400+30:1800+30"]

1. d4 d5 2. c4 e6 3. Nc3 c6 4. e4 dxe4 5. Nxe4 Bb4+ 6. Nc3 e5 7. Be3 {[%emt 0:00:25] The position is equal.} exd4 8. Qxd4 Qxd4 9. Bxd4 Nf6 10. O-O-O Be6 11. Nh3 Nbd7 12. Nf4 Bc5 13. Nxe6 fxe6 14. g3 Bxd4 15. Rxd4 Rd8 16. Bh3 Nc5 {[%emt 0:00:54] Prevents Na4} 17. Rxd8+ Kxd8 18. Kc2 {[%emt 0:00:11] Repels Nd3} a5 19. f4 Kc7 20. Re1 h5 21. Bxe6 Re8 22. f5 Kd6 23. Rd1+ Kc7 24. Re1 Kd6 25. Rd1+ Kc7 26. Re1 {Not much happened in this game.   Weighted Error Value: White=0.03 (flawless) /Black=0.02 (flawless) .  OK:         	White=8     	Black=10     Best:        	---       	Black=1} 1/2-1/2

[Event "Hungarian Super League 2024-25"]
[Site "Hungary"]
[Date "2024.11.02"]
[Round "1.5"]
[White "Prohaszka, Peter"]
[Black "Acs, Peter"]
[Result "1-0"]
[ECO "E04"]
[WhiteElo "2545"]
[BlackElo "2585"]
[Annotator "TA"]
[PlyCount "55"]
[EventDate "2024.10.30"]
[EventType "team-tourn"]
[EventCountry "HUN"]
[SourceTitle "playchess.com"]
[Source "ChessBase"]
[SourceQuality "1"]
[TimeControl "40/5400+30:1800+30"]

1. d4 d5 2. c4 e6 3. Nf3 Nf6 4. g3 dxc4 5. Bg2 a6 6. Ne5 c5 7. Be3 Nd5 8. O-O Nd7 9. Nxc4 b5 10. dxc5 $1 {[%emt 0:00:59] White is slightly better.} Nxc5 (10... bxc4 $6 11. Bxd5 exd5 12. Qxd5 $16) 11. b4 bxc4 ({Black should play} 11... Na4 $14) 12. Bxc5 $16 Bxc5 13. bxc5 O-O {[%emt 0:12:03] [#]} 14. Qd4 $1 Bb7 15. Rc1 (15. Qxc4 Rc8 $16) 15... Rc8 16. Nd2 (16. Qxc4 Nb6 17. Qd3 (17. cxb6 $2 Rxc4 18. Rxc4 Qd1+ 19. Bf1 Rd8 $19) 17... Bxg2 18. Kxg2 Nd7 $16) 16... Qe7 17. Ne4 (17. Nxc4 $6 Qxc5 18. Qb2 Ba8 $11) 17... c3 18. Nd6 (18. Nxc3 $6 Rxc5 19. Nxd5 Rxc1+ 20. Rxc1 Bxd5 $16) 18... e5 (18... Rb8 {keeps fighting.} 19. e4 Nf6) 19. Nxc8 (19. Qc4 $2 Qxd6 20. Qb3 Qd7 $19 (20... Rxc5 $2 21. Qxb7 Nf6 22. Qb3 $19)) 19... Rxc8 20. Qd3 Qxc5 (20... Rxc5 {might work better.} 21. Rab1 (21. Bxd5 Rxd5 22. Qxc3 h6 $18) 21... h5) 21. Rab1 $18 Nb4 22. Qe3 Qxe3 23. fxe3 Bxg2 24. Kxg2 {[%emt 0:06:32] KRR-KRN. White is clearly winning.} ({Not} 24. Rxb4 Bh3 25. e4 Kf8 $18) 24... Nd5 ({Inferior is} 24... Nxa2 25. Rc2) 25. e4 Ne3+ 26. Kf3 Nc4 27. Rxc3 Nd2+ 28. Kg2 {[%emt 0:00:12] Black did not feel at home in the position after the opening.   Weighted Error Value: White=0.03 (flawless) /Black=0.32.  Mistake:       	---       	Black=3      Inaccurate:     	---       	Black=3      OK:         	White=7     	Black=5      Best:        	White=5     	Black=2      Strong:       	White=2     	---} 1-0

[Event "Hungarian Super League 2024-25"]
[Site "Hungary"]
[Date "2024.11.02"]
[Round "1.6"]
[White "Fodor, Tamas Jr."]
[Black "Balog, Imre"]
[Result "1-0"]
[ECO "D10"]
[WhiteElo "2518"]
[BlackElo "2618"]
[Annotator "TA"]
[PlyCount "102"]
[EventDate "2024.10.30"]
[EventType "team-tourn"]
[EventCountry "HUN"]
[SourceTitle "playchess.com"]
[Source "ChessBase"]
[SourceQuality "1"]
[TimeControl "40/5400+30:1800+30"]

1. d4 d5 2. c4 c6 3. Nc3 dxc4 4. e3 b5 5. a4 b4 6. Ne4 {[%emt 0:00:06] D10: Slav Defence: 3 cxd5 (without early Nf3) and 3 Nc3.} Qd5 7. Nd2 Ba6 8. Qc2 Nf6 {[%emt 0:12:32] has lost popularity (8...c3).} 9. Nxc4 e6 10. Nf3 c5 11. Be2 Nc6 $146 ({Predecessor:} 11... Nbd7 12. O-O Rb8 13. b3 Bb7 14. Bb2 Be7 15. dxc5 Nxc5 16. Be5 Rc8 17. Rfd1 Qe4 {1-0 Brodsky,M (2571)-Milov,L (2482) Nuremberg LGA Cup 3rd 2006 (6.4)}) 12. O-O b3 13. Qd3 cxd4 14. Nxd4 Nxd4 15. exd4 Rd8 16. Be3 Be7 17. Rfc1 Qb7 18. Qd1 Nd5 19. Na5 Qb6 20. Bxa6 (20. Nxb3 $2 Bxe2 21. Qc2 O-O $19) 20... Nxe3 (20... Qxa6 $14 21. Nc6 (21. Nxb3 Nxe3 22. fxe3 O-O $14) 21... Rd6 22. Nxe7 Nxe7) 21. fxe3 $16 Qxa5 22. Bb5+ Kf8 23. Qf3 Bf6 24. Rc3 Kg8 25. Qb7 (25. Rxb3 $18 h5 26. Bd3) 25... h5 $16 26. Rf1 h4 27. Qc7 Qxc7 28. Rxc7 a5 29. Bc4 Rh5 30. Rb7 Rc8 31. Bxb3 h3 32. g4 Rg5 33. Rf4 e5 (33... Rc1+ $14 34. Kf2 Kf8) 34. Re4 $16 exd4 35. exd4 (35. Bxf7+ Kh7 36. exd4 Rc1+ 37. Kf2 Rd1 $16) 35... Kh7 36. Kf2 (36. Rxf7 $6 Rd8 $11) 36... Rc1 37. Rf4 (37. Rxf7 Rh1 $16) 37... Kh6 (37... Rg6 $16) 38. Rb8 $18 (38. Rxf7 Rg6) 38... Rg6 $2 (38... Kh7 {is a better defense.} 39. Ke2 (39. Bxf7 Rc2+ 40. Kg3 Rd2 $16) 39... Rc7) 39. Kg3 $2 (39. Bxf7 Bh4+ 40. Ke3 Re1+ 41. Kd2) 39... Kh7 $18 40. Kxh3 Rh6+ (40... Be7 $16 41. Rxf7 Bd6) 41. Kg2 $18 Be7 42. Rxf7 (42. Bxf7 Bd6 43. Bg8+ Kh8 44. Bd5+ Bxb8 45. Rf8+ Kh7 46. Rxb8 Rd1 $11) 42... Bd6 43. Rbb7 Rxh2+ 44. Kf3 Rf1+ 45. Ke4 Re2+ (45... Rxf7 $142 46. Bxf7 Re2+ 47. Kd5 Bb4) 46. Kd3 $18 Rxf7 47. Bxf7 ({Less strong is} 47. Rxf7 Rxb2 48. Bc2 Rb6 49. Ke3+ Kg8 $16) 47... Re7 (47... Rf2 $142 48. g5 Rf3+ 49. Ke4 Rf4+ 50. Kd5 Bf8 51. g6+ Kh6) 48. Rb6 Bc7 49. Bg6+ Kh6 50. Rc6 Kg5 51. Bf5 Kf4 1-0

[Event "Hungarian Super League 2024-25"]
[Site "Hungary"]
[Date "2024.11.02"]
[Round "1.7"]
[White "Korpa, Bence"]
[Black "Kaczur, Florian"]
[Result "1/2-1/2"]
[ECO "A08"]
[WhiteElo "2544"]
[BlackElo "2509"]
[Annotator "TA"]
[PlyCount "63"]
[EventDate "2024.10.30"]
[EventType "team-tourn"]
[EventCountry "HUN"]
[SourceTitle "playchess.com"]
[Source "ChessBase"]
[SourceQuality "1"]
[TimeControl "40/5400+30:1800+30"]

1. e4 e6 2. Nf3 c5 3. d3 d5 4. g3 Nc6 5. Nbd2 Nf6 6. Bg2 Be7 7. O-O O-O 8. Re1 b5 {[%emt 0:01:18] The position is equal.} 9. exd5 Nxd5 10. c4 bxc4 11. dxc4 Ndb4 12. Ne5 {[%emt 0:02:32] Dodges Nd3} Bb7 13. a3 Nxe5 14. Bxb7 Nbd3 {[%emt 0:00:53] Excellent horsemanship.} 15. Bxa8 {[%emt 0:01:38] [#] Black must now prevent Be4.} Nxe1 16. Qxe1 Nd3 17. Qe3 Nxc1 18. Rxc1 Qxa8 19. Ne4 Qc6 20. Rd1 h6 21. Rd3 Rb8 22. b3 Rc8 23. h4 a6 24. Rd1 Qc7 25. Kg2 Kf8 26. Rd3 Qc6 {[%emt 0:01:51] [#] Threatens to win with ...f5.} 27. Kg1 Qc7 28. Kg2 Re8 29. Kg1 Qe5 30. Kg2 f5 31. Nc3 Qxe3 32. fxe3 {[%emt 0:00:05] An interesting draw.   Weighted Error Value: White=0.05 (flawless) /Black=0.05 (flawless) .  OK:         	White=8     	Black=9      Best:        	---       	Black=2} 1/2-1/2

[Event "Hungarian Super League 2024-25"]
[Site "Hungary"]
[Date "2024.11.02"]
[Round "1.8"]
[White "Krstulovic, Alex"]
[Black "Gaal, Zsoka"]
[Result "1/2-1/2"]
[ECO "A45"]
[WhiteElo "2439"]
[BlackElo "2425"]
[Annotator "TA"]
[PlyCount "81"]
[EventDate "2024.10.30"]
[EventType "team-tourn"]
[EventCountry "HUN"]
[SourceTitle "playchess.com"]
[Source "ChessBase"]
[SourceQuality "1"]
[TimeControl "40/5400+30:1800+30"]

1. d4 Nf6 2. Bf4 d5 3. e3 e6 4. Nf3 c5 5. Nbd2 Qb6 6. Rb1 Bd6 7. dxc5 Qxc5 8. Bd3 O-O 9. O-O b6 10. Bxd6 Qxd6 11. e4 Qe7 12. Re1 dxe4 13. Nxe4 Nbd7 {[%emt 0:04:55] [#]} 14. Nd6 $1 Nc5 15. Nxc8 Raxc8 16. Bf1 Rfd8 17. Qe2 Nd5 18. g3 a6 19. c3 b5 20. Bg2 Qf6 21. Rbd1 h6 22. Rd4 Na4 (22... Ne7 $11 {keeps the balance.}) 23. Ne5 $16 Qe7 {[%emt 0:06:27] [#]} 24. Ng6 $1 {[%emt 0:07:39] White is more active.} Qf6 {[%emt 0:02:04] [#]} 25. Bxd5 $1 Qxg6 26. Rg4 Qf5 27. Bb7 {[%emt 0:01:09][%cal Og4f4] Threatens to win with Rf4!} Rb8 28. Be4 Qf6 29. Bb1 Rb6 (29... Rbc8 $11) 30. Qe4 (30. Rf4 $14 {was preferrable.} Qg5 31. h4) 30... g6 $11 (30... Qf5 {simplifies} 31. Qxf5 exf5 32. Bxf5 Nxb2 33. Rd4 Rbb8) 31. Qe3 $1 {[%emt 0:06:10][%cal Og4a4] And now Rxa4! would win.} Rbd6 32. Kg2 (32. Qxh6 $11 Rd2 (32... Nxb2 33. Bxg6 fxg6 34. Rxg6+) 33. Rf1 (33. Rf4 Qg7 $11)) 32... Nxb2 33. Qxh6 {[%emt 0:00:58][%cal Rb1g6] White threatens Bxg6! and mate. The position is equal.} Nd3 ({Stronger than} 33... Qxc3 34. Bxg6 fxg6 35. Qxg6+ (35. Rxg6+ Kf7 36. Qh7+ Qg7 37. Rxg7+ Kf8 38. Qh8#) 35... Kf8 36. Rf4+ (36. Rxe6 Qc6+ 37. f3 Rxe6 $18) (36. Rxe6 Qc6+ 37. f3 Rxe6 $18)) 34. Bxd3 Rxd3 35. Rf4 Qg7 36. Qg5 R8d7 37. c4 bxc4 38. Rxc4 {[%emt 0:00:58] Rc8+ would now be deadly.} R3d5 39. Rc8+ Kh7 40. Qh4+ Rh5 $1 41. Qf4 {[%emt 0:11:45] Weighted Error Value: White=0.11 (very precise) /Black=0.12 (very precise) .  Mistake:       	White=2     	Black=2      Inaccurate:     	White=2     	Black=3      OK:         	White=13    	Black=7      Best:        	---       	Black=3      Strong:       	White=2     	Black=1} 1/2-1/2

[Event "Hungarian Super League 2024-25"]
[Site "Hungary"]
[Date "2024.11.02"]
[Round "1.9"]
[White "Pasti, Aron"]
[Black "Bodrogi, Bendeguz"]
[Result "0-1"]
[ECO "B12"]
[WhiteElo "2355"]
[BlackElo "2358"]
[Annotator "RC"]
[PlyCount "40"]
[EventDate "2024.10.30"]
[EventType "team-tourn"]
[EventCountry "HUN"]
[SourceTitle "playchess.com"]
[Source "ChessBase"]
[SourceQuality "1"]
[TimeControl "40/5400+30:1800+30"]

1. e4 c6 2. d4 d5 3. e5 c5 4. dxc5 e6 5. a3 Bxc5 6. Nf3 f6 7. b4 Be7 8. Bb2 a5 9. b5 Nd7 10. c4 fxe5 11. cxd5 exd5 12. Qxd5 Ngf6 13. Qa2 Nb6 14. Nxe5 Nfd5 15. Nc4 Be6 16. Bxg7 Rg8 17. Bd4 Rg4 18. Qd2 Nxc4 19. Bxc4 Re4+ 20. Kf1 Nf4 0-1

[Event "Hungarian Super League 2024-25"]
[Site "Hungary"]
[Date "2024.11.02"]
[Round "1.10"]
[White "Lazarne Vajda, Szidonia"]
[Black "Egresi, Mate"]
[Result "1/2-1/2"]
[ECO "B10"]
[WhiteElo "2292"]
[BlackElo "2393"]
[Annotator "TA"]
[PlyCount "64"]
[EventDate "2024.10.30"]
[EventType "team-tourn"]
[EventCountry "HUN"]
[SourceTitle "playchess.com"]
[Source "ChessBase"]
[SourceQuality "1"]
[TimeControl "40/5400+30:1800+30"]

1. e4 c6 2. d3 d5 3. Nd2 e5 4. Ngf3 Bd6 5. g3 Nf6 6. Bg2 O-O 7. O-O Re8 8. h3 Nbd7 9. c3 Nf8 10. Re1 Ng6 11. Nf1 {[%emt 0:01:58] Black is slightly better.} a5 12. Qc2 h6 13. Be3 Be6 14. N1d2 Qc7 (14... Qd7 $15 {is superior.} 15. Kh2 c5) 15. Kh2 ({White should play} 15. d4 $11) 15... a4 16. d4 dxe4 (16... exd4 {is more complex.} 17. Nxd4 Bd7 18. exd5 cxd5 19. N4f3 Ne4) 17. Nxe5 Nxe5 18. dxe5 Bxe5 19. Nxe4 Nxe4 20. Bxe4 Qa5 21. Bh7+ Kh8 22. Bd3 Rad8 23. a3 Bc7 24. Qe2 h5 (24... Bb6 {simplifies} 25. Bc2 Bxe3 26. Qxe3 Qb5) 25. Bd4 (25. h4 $11) 25... h4 $17 {[%emt 0:03:28] ...Qg5 is the strong threat.} 26. Qf3 Qg5 {[%emt 0:00:48] White must now prevent ...c5.} 27. Qe3 $2 (27. Bf1 $17 {was called for.}) 27... Qh5 $19 28. Bf1 $2 {[%emt 0:01:24] [#]} (28. f4) 28... c5 $1 29. Bxc5 (29. Rac1 cxd4) 29... hxg3+ $2 (29... Bd7 $19 {has better winning chances.} 30. Be7 Bc6) 30. fxg3 $17 {[%emt 0:00:06] [#]} Bd5 (30... Bxh3 $2 31. Qxe8+ Rxe8 32. Rxe8+ Kh7 33. Bxh3 $19) (30... Rd5 $1 $17 31. Bb6 Re5 32. Bxc7 Rxe3 33. Rxe3 Bd7 34. Rxe8+ Bxe8) 31. Qf2 Bc6 32. Bd4 Qg5 {[%emt 0:00:28] Weighted Error Value: White=0.54/Black=0.29 (precise) .  Loses game:     	White=1     	---        Missed win:     	---       	Black=1      Mistake:       	White=3     	Black=1      Inaccurate:     	White=2     	Black=1      OK:         	White=9     	Black=6      Best:        	White=2     	Black=2} 1/2-1/2

[Event "Hungarian Super League 2024-25"]
[Site "Hungary"]
[Date "2024.11.02"]
[Round "1.11"]
[White "Erdos, Viktor"]
[Black "Mihok, Oliver"]
[Result "1/2-1/2"]
[ECO "B27"]
[WhiteElo "2533"]
[BlackElo "2522"]
[Annotator "TA"]
[PlyCount "61"]
[EventDate "2024.10.30"]
[EventType "team-tourn"]
[EventCountry "HUN"]
[SourceTitle "playchess.com"]
[Source "ChessBase"]
[SourceQuality "1"]
[TimeControl "40/5400+30:1800+30"]

1. e4 c5 2. Nf3 b6 3. d4 cxd4 4. Nxd4 Bb7 5. Nc3 a6 {[%emt 0:00:06] Black is weak on the light squares} 6. Bg5 Qc7 7. Nd5 Qe5 8. Be3 {[%emt 0:00:29] [#] Black must now prevent Nf3.} Bxd5 9. exd5 Qxd5 10. Be2 {[%emt 0:00:32] Bf3 is the strong threat.} e5 $1 11. Nf5 Qxd1+ 12. Rxd1 g6 13. Bf3 {[%emt 0:31:17] White is much more active.} Nc6 14. Bxc6 ({White should try} 14. Nd6+ $14 Bxd6 15. Rxd6) 14... dxc6 $11 15. Nd6+ Bxd6 16. Rxd6 Ne7 17. Bxb6 Rb8 18. Ba5 O-O 19. Bc3 f6 20. Ke2 Nd5 21. Rxc6 Nxc3+ 22. Rxc3 Rxb2 {[%emt 0:00:06][%mdl 4096] Endgame. KRR-KRR} 23. a3 Rd8 24. Rc7 Rbb8 25. Rd1 Rxd1 26. Kxd1 {[%emt 0:00:02] KR-KR} Rb1+ 27. Ke2 Ra1 28. Rc6 Rxa3 29. Rxf6 a5 30. Re6 Rc3 31. Kd2 {[%emt 0:01:01] Weighted Error Value: White=0.06 (flawless) /Black=0.04 (flawless) .  Mistake:       	White=1     	---        Inaccurate:     	---       	Black=1      OK:         	White=13    	Black=12     Best:        	White=1     	Black=4      Strong:       	---       	Black=1} 1/2-1/2

[Event "Hungarian Super League 2024-25"]
[Site "Hungary"]
[Date "2024.11.02"]
[Round "1.12"]
[White "Kovacevic, Aleksandar"]
[Black "Sahidi, Samir"]
[Result "1/2-1/2"]
[ECO "C67"]
[WhiteElo "2447"]
[BlackElo "2485"]
[Annotator "TA"]
[PlyCount "176"]
[EventDate "2024.10.30"]
[EventType "team-tourn"]
[EventCountry "HUN"]
[SourceTitle "playchess.com"]
[Source "ChessBase"]
[SourceQuality "1"]
[TimeControl "40/5400+30:1800+30"]

1. e4 e5 2. Nf3 Nc6 3. Bb5 Nf6 4. O-O Nxe4 5. Re1 Nd6 6. Nxe5 Be7 7. Bf1 Nxe5 8. Rxe5 O-O 9. d4 Bf6 10. Re1 Re8 {[%emt 0:03:50] The main line 10...Re8 scores better than 10...Nf5. C67: Ruy Lopez: Berlin Defence: 4 0-0 Nxe4.} 11. c3 b6 12. Bf4 Rxe1 13. Qxe1 Qe7 14. Qxe7 Bxe7 15. a4 a6 16. Nd2 Bb7 17. a5 b5 18. Nb3 Bd5 $146 ({Predecessor:} 18... Nc4 19. Bxc4 bxc4 20. Nd2 d5 21. Re1 Kf8 22. Bxc7 Rc8 23. Bb6 f6 24. Nf1 Kf7 {½-½ Kobalia,M (2614)-Hovhannisyan,R (2642) PNWCC Online blitz JP 12th 2020 (2)}) 19. Nc5 Be6 20. Re1 Bf8 21. Bd3 c6 22. b3 g6 23. h4 Nf5 24. Nxe6 fxe6 25. h5 b4 26. hxg6 hxg6 27. g4 Nh4 28. Re3 Be7 29. cxb4 g5 30. Bc7 Bxb4 31. Kf1 Be7 32. Rh3 Kg7 33. Ke2 Bf6 34. f4 Ng6 35. fxg5 Bxg5 36. Be5+ Nxe5 37. dxe5 Ra7 38. Bc4 Bd8 39. Bd3 Bxa5 40. Ke3 Rb7 41. g5 Bc3 42. Rh7+ Kg8 43. Bxa6 Ra7 44. Bd3 Bxe5 45. g6 Bg7 46. Rh4 Ra5 47. Ra4 Re5+ 48. Kf4 Rd5 49. Ra8+ Bf8 50. Be4 Rd1 51. Rd8 Kg7 52. Ke3 Be7 53. Rc8 Re1+ 54. Kf4 (54. Kf3 $142) 54... Kf6 $17 55. Bd3 Bd6+ 56. Kf3 {[%emt 0:00:19] [#]} Bc5 $1 57. Be2 Rg1 ({Better is} 57... Kxg6 $19 {Threatens to win with ...e5.} 58. b4 Bxb4) 58. Bd3 $17 Bd6 59. Rd8 Rg3+ 60. Ke2 Ke7 61. Rh8 Bf4 62. Rh7+ Kd6 63. Rf7 Be5 64. Rh7 Bd4 65. Rf7 Rg2+ 66. Kf1 Rg3 67. Ke2 Kc7 68. Rh7 Kd8 69. Rf7 Kc7 70. Rh7 $1 Kd6 71. Rf7 $1 Rh3 72. Ba6 Rh8 (72... Rxb3 $6 73. Bc8 $11) 73. Kd2 Rg8 74. Bd3 Rg7 75. Rf4 e5 (75... Be5 $17 76. Rf8 Kc5) 76. Rf7 (76. Rh4 $11) 76... Rxf7 $17 77. gxf7 Ke7 78. Bf5 d6 (78... Kxf7 $6 79. Bxd7 c5 80. Kd3 $11) ({Black should try} 78... d5 $1 $17 79. Bd7 Kxf7 (79... Kxd7 $2 80. f8=Q $18) 80. Bxc6 Ke6) 79. Bd7 $15 c5 (79... Kxd7 $2 80. f8=Q (80. f8=R Kc7 $17) 80... d5 81. Qg7+ Kd6 82. b4 $18) (79... Kxf7 $15 80. Bxc6 Ke6) 80. Be6 $1 $11 Bf2 (80... Kxe6 81. f8=Q (81. f8=R e4 $15) 81... e4 82. Qg8+ Kf6 83. Qd8+ Ke6 84. Qe8+ Kd5 85. Qf7+ Kc6 86. Qe8+ Kd5 87. Qd7 $18) 81. Kd3 Bh4 (81... Kxe6 82. f8=Q (82. f8=R Bh4 $15) 82... e4+ 83. Kxe4 (83. Ke2 Bd4 $18) 83... d5+ 84. Kd3 $18) 82. Ke4 Bg5 (82... Kxe6 $2 {is the wrong capture.} 83. f8=Q (83. f8=R d5+ 84. Kf3 Be7 $15) 83... d5+ 84. Kf3 $18) 83. Bd5 Bh6 84. Kf5 Bf8 85. Kg6 Kd7 86. Kf6 Kc7 87. Ke6 Kd8 88. Be4 Kc7 1/2-1/2

[Event "Hungarian Super League 2024-25"]
[Site "Hungary"]
[Date "2024.11.02"]
[Round "1.13"]
[White "Juhasz, Agoston"]
[Black "Pezelj, Novak"]
[Result "1/2-1/2"]
[ECO "C11"]
[WhiteElo "2432"]
[BlackElo "2459"]
[Annotator "TA"]
[PlyCount "66"]
[EventDate "2024.10.30"]
[EventType "team-tourn"]
[EventCountry "HUN"]
[SourceTitle "playchess.com"]
[Source "ChessBase"]
[SourceQuality "1"]
[TimeControl "40/5400+30:1800+30"]

1. e4 e6 2. d4 d5 3. Nc3 Nf6 4. Bg5 dxe4 5. Nxe4 Be7 6. Bxf6 gxf6 7. Nf3 f5 8. Nc3 c5 9. d5 Bf6 10. Bc4 O-O {[%emt 0:15:29] White is slightly better.} 11. dxe6 Bxe6 12. Bxe6 fxe6 13. Qe2 Qe7 14. O-O-O Nc6 15. Rhe1 Rfe8 {[%emt 0:05:52] [#]} 16. g4 fxg4 17. Rg1 Kh8 18. Rxg4 Bxc3 19. bxc3 Rg8 20. Re4 {[%emt 0:01:53] White is much more active.} Rg6 21. h4 Qf6 {[%emt 0:01:29] [#]} (21... Rf8 $16) 22. Kb2 $1 $18 Rf8 23. Ng5 {[%emt 0:02:35] Black must now prevent Rd7.} e5 {[%emt 0:02:30] [#]} (23... Qxf2 $142 24. Rd7 (24. Nxe6 Rg2 $11) (24. Rxe6 Qxe2 25. Rxe2 h6 $14) 24... Qxe2 25. Rxe2 (25. Rxh7+ Kg8 $17) 25... Na5) 24. f4 $1 exf4 (24... h6 25. fxe5) 25. Rd7 Rg7 26. Rd3 (26. Rxf4 $18 Qxf4 27. Rxg7 Qxh4 28. Qg2 (28. Rxh7+ Qxh7 29. Nxh7 Kxh7 $18)) 26... Re7 $11 27. Rxe7 Qxe7 28. Qh5 (28. Qxe7 $11 {and White stays safe.} Nxe7 29. Rd7) 28... Ne5 $19 29. Rd5 {[%emt 0:01:22][%cal Od5e5] aiming for Rxe5!} Nc4+ 30. Kb3 Na5+ 31. Kb2 Nc4+ 32. Kb3 $1 Na5+ 33. Kb2 $1 {[%emt 0:00:48][%cal Od5c5] [#]} Nc4+ $2 {[%emt 0:01:07] Weighted Error Value: White=0.35/Black=0.38.  Loses game:     	White=1     	---        Missed win:     	White=1     	Black=1      Mistake:       	White=1     	Black=2      Inaccurate:     	White=2     	Black=2      OK:         	White=11    	Black=7      Best:        	White=1     	Black=1      Strong:       	White=2     	---} (33... f3 $1 $19 34. Nxf3 Nc4+ 35. Kb3 Nb6 36. Rxc5 Rxf3 37. Qxf3 Qxc5) 1/2-1/2